AoeStats
← Guazamayete

Black Forest

509962279Analyzed
2v2 RM · 4d ago on Sep 28, 2026· 53m 10s· 4 players
Game mode
Random Map
Map size
Medium (4 player)
Population
200
Speed
Normal
Resources
Standard
Victory
Conquest
Starting age
Dark Age
Ending age
Imperial Age
RankedLock teamsTeams togetherTeam positionsShared explorationLock speedFull tech treeHidden civsTurbo modeCheats
Victory
Defeat
🇳🇴 Koreans · Norway
815
+14
🇪🇨 Spanish · Ecuador
760
+17
🇳🇱 Bulgarians · Netherlands
788
-16
🇳🇱 Turks · Netherlands
763
-15
KoN_Air
1:18 Loom
13:39 Feudal Age
15:51 Double-Bit Axe
18:47 Castle Age
18:20 Horse Collar
18:24 Fishing Lines
23:51 Stone Mining
25:41 Bow Saw
26:03 Gold Mining
26:46 Heavy Plow
26:49 Gillnets
28:03 Wheelbarrow
29:45 Hand Cart
30:44 Caravan
34:39 Imperial Age
32:13 Fletching
33:18 Stone Shaft Mining
33:24 Gold Shaft Mining
33:39 Bodkin Arrow
33:49 Scale Mail Armor
33:59 Forging
33:35 Treadmill Crane
33:51 Murder Holes
35:05 Town Watch
36:36 Chemistry
35:57 Ballistics
35:27 Heated Shot
35:45 Siege Engineers
35:53 Guilds
35:37 Heavy Rocket Cart
36:20 Squires
35:48 Elite War Wagon
36:39 Bracer
36:19 Pikeman
36:46 Arson
36:57 Halberdier
37:00 Elite Skirmisher
37:56 Thumb Ring
38:23 Town Patrol
38:46 Chain Mail Armor
39:07 Iron Casting
43:05 Plate Mail Armor
Guazamayete
1:20 Loom
15:46 Feudal Age
22:21 Castle Age
20:25 Double-Bit Axe
20:26 Horse Collar
26:45 Fishing Lines
27:09 Heavy Plow
27:22 Bow Saw
30:12 Gillnets
32:18 Wheelbarrow
31:38 Fletching
31:59 Forging
31:54 Scale Barding Armor
31:50 Padded Archer Armor
31:52 Husbandry
32:03 Bloodlines
31:14 Light Cavalry
31:16 Pikeman
31:57 Squires
33:48 Ballistics
33:25 Murder Holes
33:41 Masonry
34:21 Stone Mining
34:23 Gold Mining
38:32 Imperial Age
36:20 Hand Cart
36:39 Caravan
37:27 Iron Casting
36:47 Bodkin Arrow
37:13 Chain Barding Armor
37:09 Fortified Wall
37:47 Stone Shaft Mining
37:52 Elite Skirmisher
38:38 Thumb Ring
39:03 Scale Mail Armor
39:18 Leather Archer Armor
40:14 Chemistry
39:45 Architecture
41:08 Blast Furnace
40:43 Plate Barding Armor
40:09 Bracer
40:00 Town Watch
40:29 Cavalier
40:30 Hussar
42:29 Town Patrol
42:46 Paladin
46:01 Hoardings
45:51 Conscription
47:54 Chain Mail Armor
48:10 Ring Archer Armor
Cookiemonstah
2:51 Loom
12:56 Feudal Age
15:41 Double-Bit Axe
16:01 Gold Mining
16:01 Horse Collar
17:41 Wheelbarrow
21:17 Castle Age
19:16 Stone Mining
19:46 Town Watch
20:41 Forging
20:31 Scale Mail Armor
23:59 Heavy Plow
29:06 Fletching
30:15 Bodkin Arrow
31:13 Bow Saw
32:58 Hand Cart
32:48 Town Patrol
37:51 Imperial Age
36:13 Ballistics
36:06 Bloodlines
36:23 Scale Barding Armor
36:30 Elite Skirmisher
37:15 Thumb Ring
37:53 Iron Casting
37:31 Gambesons
38:01 Padded Archer Armor
38:17 Chain Mail Armor
37:59 Elite Konnik
38:08 Capped Ram
39:30 Bracer
39:19 Siege Ram
41:56 Light Cavalry
43:41 Blast Furnace
43:02 Chain Barding Armor
46:50 Stirrups
46:23 Onager
47:37 Leather Archer Armor
47:58 Plate Barding Armor
47:15 Hussar
48:33 Siege Onager
50:45 Plate Mail Armor
51:27 Siege Engineers
52:28 Chemistry
51:26 Murder Holes
MTT1996
5:00 Loom
13:52 Feudal Age
15:02 Double-Bit Axe
20:04 Castle Age
17:51 Town Watch
21:19 Thumb Ring
25:48 Fletching
26:33 Horse Collar
28:04 Heavy Plow
31:47 Fishing Lines
33:49 Town Patrol
34:25 Wheelbarrow
35:36 Bow Saw
35:52 Gold Mining
36:22 Gillnets
37:22 Bodkin Arrow
37:32 Padded Archer Armor
38:44 Gold Shaft Mining
41:50 Imperial Age
41:06 Hand Cart
42:13 Forging
42:04 Scale Mail Armor
42:10 Scale Barding Armor
42:20 Leather Archer Armor
43:04 Artillery
44:17 Elite Janissary
46:46 Conscription
47:07 Bombard Tower
46:34 Arrowslits
46:40 Guard Tower
47:11 Ballistics
46:48 Murder Holes
47:04 Masonry
47:05 Fortified Wall
47:56 Stone Mining
48:12 Caravan
48:42 Chain Barding Armor
48:37 Chain Mail Armor
48:58 Iron Casting
48:23 Bracer
48:54 Ring Archer Armor
Connection lost

Rejoining the realm…

Still unreachable

The connection could not be restored.

Session expired

The server has moved on; the page needs a fresh start.